BSA
AUSTIN RIVER SHARKS @ VISTA PANTHERS
03/04/2028
 
TOP OF THE 1ST
Austin River Sharks batting - Pitching for Vista Panthers : RHP Riley Johnston
Pitching: RHP Riley Johnston
Batting: RHB Eric Neal 0-0: Called Strike
0-1: Foul Ball, location: 2F
0-2: Ball
1-2: Foul Ball, location: 2F
1-2: Strikes out swinging, 2-3 out at first.
Batting: LHB Harry Pitts 0-0: Foul Ball, location: 2F
0-1: Foul Ball, location: 2F
0-2: Ball
1-2: Ground out 4-3 (Groundball, 34)
Batting: LHB Greg Nelson 0-0: Called Strike
0-1: Foul Ball, location: 2F
0-2: Ground out 5-3 (Groundball, 56)
Top of the 1st over - 0 run(s), 0 hit(s), 0 error(s), 0 left on base; Austin 0 - Vista 0
BOTTOM OF THE 1ST
Vista Panthers batting - Pitching for Austin River Sharks : RHP Troy Lynn
Pitching: RHP Troy Lynn
Batting: RHB Jake Reeves 0-0: Ball
1-0: Called Strike
1-1: Ground out 6-3 (Groundball, 6M)
Batting: SHB Mark Wells 0-0: Foul Ball, location: 2F
0-1: Ball
1-1: Foul Ball, location: 2F
1-2: Foul Ball, location: 2F
1-2: Ball
2-2: DOUBLE (Line Drive, 9LD)
Batting: LHB Dante Owens 0-0: Foul Ball, location: 2F
0-1: Ball
1-1: Swinging Strike
1-2: Ball
2-2: Ball
3-2: Base on Balls
Batting: LHB Juan Cortés 0-0: Called Strike
0-1: SINGLE (Line Drive, 4D)
Mark Wells to third
Dante Owens to second
Batting: RHB Cisco Gatán 0-0: Foul Ball, location: 2F
0-1: Ball
1-1: Ball
2-1: Called Strike
2-2: SINGLE (Line Drive, 3)
Mark Wells scores
Dante Owens to third
Juan Cortés to second
Batting: RHB Alfredo López 0-0: Ball
1-0: Called Strike
1-1: Called Strike
1-2: Ball
2-2: Fly out, F9 (Flyball, 9LSF)
Runner from 3rd tags up, SCORES, no throw
Batting: RHB Phil Matthews 0-0: SINGLE (Groundball, 56D)
Juan Cortés to third
Cisco Gatán to second
Runner from 3rd tries for Home, SAFE, no throw
Batting: RHB Justin Burgess 0-0: Ball
1-0: Ball
2-0: Called Strike
2-1: Ball
3-1: Base on Balls
Cisco Gatán to third
Phil Matthews to second
Batting: LHB Brent Alonzo 0-0: Called Strike
0-1: Fly out, F7 (Flyball, 7S)
Bottom of the 1st over - 3 run(s), 4 hit(s), 0 error(s), 3 left on base; Austin 0 - Vista 3
TOP OF THE 2ND
Austin River Sharks batting - Pitching for Vista Panthers : RHP Riley Johnston
Batting: LHB Fred Abrams 0-0: Called Strike
0-1: Swinging Strike
0-2: Ball
1-2: Ball
2-2: Ball
3-2: Strikes out swinging
Batting: RHB Manny Copriviza 0-0: Ball
1-0: Ball
2-0: Ball
3-0: Called Strike
3-1: Base on Balls
Batting: LHB José Liñares 0-0: Called Strike
0-1: Fly out, F4 (Popup, 3D)
Batting: RHB Clark Hodge 0-0: Ball
1-0: Foul Ball, location: 2F
1-1: Swinging Strike
1-2: Ball
2-2: Strikes out swinging
Top of the 2nd over - 0 run(s), 0 hit(s), 0 error(s), 1 left on base; Austin 0 - Vista 3
BOTTOM OF THE 2ND
Vista Panthers batting - Pitching for Austin River Sharks : RHP Troy Lynn
Batting: RHB Jake Reeves 0-0: Ball
1-0: Called Strike
1-1: Ball
2-1: Ball
3-1: Foul Ball, location: 2F
3-2: Ground out 5-3 (Groundball, 56S)
Batting: SHB Mark Wells 0-0: Ball
1-0: Foul Ball, location: 2F
1-1: Ground out 4-3 (Groundball, 4S)
Batting: LHB Dante Owens 0-0: Foul Ball, location: 2F
0-1: Ball
1-1: Ground out 4-3 (Groundball, 4)
Bottom of the 2nd over - 0 run(s), 0 hit(s), 0 error(s), 0 left on base; Austin 0 - Vista 3
TOP OF THE 3RD
Austin River Sharks batting - Pitching for Vista Panthers : RHP Riley Johnston
Batting: RHB Richard Coker 0-0: Foul Ball, location: 2F
0-1: Ball
1-1: Ball
2-1: Foul Ball, location: 2F
2-2: Ball
3-2: Ground out 4-3 (Groundball, 4)
Batting: RHB Teddy Bates 0-0: Ground out 6-3 (Groundball, 6)
Batting: RHB Eric Neal 0-0: Fly out, F8 (Flyball, 8RM)
Top of the 3rd over - 0 run(s), 0 hit(s), 0 error(s), 0 left on base; Austin 0 - Vista 3
BOTTOM OF THE 3RD
Vista Panthers batting - Pitching for Austin River Sharks : RHP Troy Lynn
Batting: LHB Juan Cortés 0-0: Fly out, F8 (Flyball, 8RXD)
Batting: RHB Cisco Gatán 0-0: Called Strike
0-1: Ball
1-1: Called Strike
1-2: Ball
2-2: Ball
3-2: Foul Ball, location: 2F
3-2: SINGLE (Line Drive, 89S)
Batting: RHB Alfredo López 0-0: Ball
1-0: Fly out, F6 (Line Drive, 6S)
Batting: RHB Phil Matthews 0-0: Ball
1-0: Fly out, F4 (Line Drive, 4)
Bottom of the 3rd over - 0 run(s), 1 hit(s), 0 error(s), 1 left on base; Austin 0 - Vista 3
TOP OF THE 4TH
Austin River Sharks batting - Pitching for Vista Panthers : RHP Riley Johnston
Batting: LHB Harry Pitts 0-0: Ball
1-0: Called Strike
1-1: Called Strike
1-2: Ground out U3 (Groundball, 3)
Batting: LHB Greg Nelson 0-0: Swinging Strike
0-1: Foul Ball, location: 2F
0-2: Ball
1-2: SINGLE (Line Drive, 3D)
Batting: LHB Fred Abrams 0-0: SINGLE (Groundball, 25) (infield hit)
Greg Nelson to second
Batting: RHB Manny Copriviza 0-0: SINGLE (Groundball, 56D)
Greg Nelson to third
Fred Abrams to second
Runner from 3rd tries for Home, SAFE, throw made home
Batting: LHB José Liñares 0-0: Fielders Choice at 2nd, 4-6 (Groundball, 34)
Fred Abrams to third
Batting: RHB Clark Hodge 0-0: Ball
1-0: Called Strike
1-1: SINGLE (Line Drive, 8LS)
Fred Abrams scores
José Liñares to second
Batting: RHB Richard Coker 0-0: Ball
1-0: Fly out, F9 (Line Drive, 9)
Top of the 4th over - 2 run(s), 4 hit(s), 0 error(s), 2 left on base; Austin 2 - Vista 3
BOTTOM OF THE 4TH
Vista Panthers batting - Pitching for Austin River Sharks : RHP Troy Lynn
Batting: RHB Justin Burgess 0-0: Ball
1-0: Ball
2-0: Called Strike
2-1: Foul Ball, location: 2F
2-2: Foul Ball, location: 2F
2-2: Fly out, F9 (Flyball, 89S)
Batting: LHB Brent Alonzo 0-0: Called Strike
0-1: Foul Ball, location: 2F
0-2: SINGLE (Line Drive, 4D)
Batting: RHB Jake Reeves 0-0: Fielders Choice at 2nd, 5-4 (Groundball, 56)
Batting: SHB Mark Wells 0-0: SINGLE (Line Drive, 4D)
Jake Reeves to second
Batting: LHB Dante Owens 0-0: Called Strike
0-1: Foul Ball, location: 2F
0-2: Foul Ball, location: 2F
0-2: 3-RUN HOME RUN (Flyball, 89XD), Distance : 412 ft
Pitching: RHP Luis Trujillo
Batting: LHB Juan Cortés 0-0: Ball
1-0: Ball
2-0: Ball
3-0: Called Strike
3-1: Called Strike
3-2: Base on Balls
Batting: RHB Cisco Gatán 0-0: Fielders Choice at 2nd, 4-6 (Groundball, 4)
Bottom of the 4th over - 3 run(s), 3 hit(s), 0 error(s), 0 left on base; Austin 2 - Vista 6
TOP OF THE 5TH
Austin River Sharks batting - Pitching for Vista Panthers : RHP Riley Johnston
Pitching: LHP Sloan Sanders
Batting: RHB Teddy Bates 0-0: Ball
1-0: Called Strike
1-1: Ball
2-1: Ball
3-1: Ground out 6-3 (Groundball, 6)
Batting: RHB Eric Neal 0-0: Ball
1-0: Called Strike
1-1: SINGLE (Groundball, 5S) (infield hit)
Batting: LHB Harry Pitts 0-0: Called Strike
Throwing error on steal attempt, E2
Eric Neal to third
0-1: Called Strike
0-2: Ball
1-2: Ball
2-2: Foul Ball, location: 2F
2-2: Ground out 1-3 (Groundball, 13)
Batting: LHB Greg Nelson 0-0: Foul Ball, location: 2F
0-1: Ball
1-1: Called Strike
1-2: Ground out 1-3 (Groundball, 15S)
Top of the 5th over - 0 run(s), 1 hit(s), 1 error(s), 1 left on base; Austin 2 - Vista 6
BOTTOM OF THE 5TH
Vista Panthers batting - Pitching for Austin River Sharks : RHP Luis Trujillo
Batting: RHB Alfredo López 0-0: Fly out, F8 (Flyball, 8RM)
Batting: RHB Phil Matthews 0-0: Foul Ball, location: 2F
0-1: Foul Ball, location: 2F
0-2: Foul Ball, location: 2F
0-2: Strikes out swinging
Batting: RHB Justin Burgess 0-0: Called Strike
0-1: Ball
1-1: Fly out, F9 (Flyball, 89S)
Bottom of the 5th over - 0 run(s), 0 hit(s), 0 error(s), 0 left on base; Austin 2 - Vista 6
TOP OF THE 6TH
Austin River Sharks batting - Pitching for Vista Panthers : LHP Sloan Sanders
Batting: LHB Fred Abrams 0-0: Ball
1-0: Ball
2-0: Called Strike
2-1: Foul Ball, location: 2F
2-2: Strikes out swinging
Batting: RHB Manny Copriviza 0-0: Ball
1-0: Ball
2-0: Foul Ball, location: 2F
2-1: Ground out 4-3 (Groundball, 4)
Batting: LHB José Liñares 0-0: Ball
1-0: Called Strike
1-1: Foul Ball, location: 2F
1-2: Ball
2-2: Strikes out swinging
Top of the 6th over - 0 run(s), 0 hit(s), 0 error(s), 0 left on base; Austin 2 - Vista 6
BOTTOM OF THE 6TH
Vista Panthers batting - Pitching for Austin River Sharks : RHP Luis Trujillo
Batting: LHB Brent Alonzo 0-0: Ground out 6-3 (Groundball, 6)
Pinch Hitting: LHB Noriaki Sangi 0-0: Ball
1-0: Ball
2-0: Fly out, F7 (Flyball, 7)
Batting: RHB Griswold Coleman 0-0: Called Strike
0-1: Ball
1-1: SOLO HOME RUN (Flyball, 78XD), Distance : 428 ft
Pinch Hitting: RHB Luis Martínez 0-0: Called Strike
0-1: SOLO HOME RUN (Flyball, 7D), Distance : 390 ft
Pinch Hitting: RHB Roberto Cruz 0-0: Called Strike
0-1: Fly out, F7 (Flyball, 7LS)
Bottom of the 6th over - 2 run(s), 2 hit(s), 0 error(s), 0 left on base; Austin 2 - Vista 8
TOP OF THE 7TH
Austin River Sharks batting - Pitching for Vista Panthers : LHP Sloan Sanders
Now at 1B: Noriaki Sangi
Now at 3B: Francisco Marino
Now in RF: Johnny Williams
Batting: RHB Clark Hodge 0-0: Called Strike
0-1: Ball
1-1: Ball
2-1: Swinging Strike
2-2: Strikes out swinging
Batting: RHB Richard Coker 0-0: Called Strike
0-1: Ball
1-1: Fly out, F7 (Flyball, 7D)
Batting: RHB Teddy Bates 0-0: Fly out, F9 (Flyball, 9LMF)
Top of the 7th over - 0 run(s), 0 hit(s), 0 error(s), 0 left on base; Austin 2 - Vista 8
BOTTOM OF THE 7TH
Vista Panthers batting - Pitching for Austin River Sharks : RHP Luis Trujillo
Batting: RHB Cisco Gatán 0-0: Called Strike
0-1: DOUBLE (Line Drive, 8LD)
Pinch Hitting: RHB Salvador Salas 0-0: Called Strike
0-1: Foul Ball, location: 2F
0-2: Strikes out looking
Pinch Hitting: SHB Ken Hernández 0-0: Called Strike
0-1: Fly out, F8 (Flyball, 8LXD)
Runner from 2nd tags up, SAFE at 3rd, no throw
Pinch Hitting: LHB Ramiro Martínez 0-0: Ball
1-0: Ball
2-0: Ground out 4-3 (Groundball, 34)
Bottom of the 7th over - 0 run(s), 1 hit(s), 0 error(s), 1 left on base; Austin 2 - Vista 8
TOP OF THE 8TH
Austin River Sharks batting - Pitching for Vista Panthers : LHP Sloan Sanders
Now at 3B: Salvador Salas
Now in LF: Arthur MacDonald
Now in CF: Ramiro Martínez
Pinch Hitting: RHB Dexter Potter 0-0: Foul Ball, location: 2F
0-1: Ball
1-1: DOUBLE (Flyball, 9LM)
Pinch Hitting: RHB Carlos Guzmán 0-0: Ball
1-0: Ground out 1-3 (Groundball, 13)
Dexter Potter to third
Batting: RHB Billy Campbell 0-0: Ball
1-0: Ball
2-0: Called Strike
2-1: Foul Ball, location: 2F
2-2: Fly out, F8 (Line Drive, 8RS)
Runner from 3rd tags up, SCORES, no throw
Pinch Hitting: RHB Todd Bryant 0-0: Foul Ball, location: 2F
0-1: Foul Ball, location: 2F
0-2: Ball
1-2: Strikes out swinging
Top of the 8th over - 1 run(s), 1 hit(s), 0 error(s), 0 left on base; Austin 3 - Vista 8
BOTTOM OF THE 8TH
Vista Panthers batting - Pitching for Austin River Sharks : RHP Luis Trujillo
Pitching: RHP Tatsuzo Harada
Now at 2B: Ryan Cates
Now in LF: Todd Bryant
Now in RF: Luis Ibarra
Pinch Hitting: LHB Francisco Medina 0-0: Fly out, F8 (Flyball, 89D)
Batting: LHB Noriaki Sangi 0-0: Swinging Strike
0-1: SINGLE (Line Drive, 8LS)
Batting: RHB Griswold Coleman 0-0: Ball
1-0: Called Strike
1-1: Swinging Strike
1-2: Ball
2-2: Strikes out swinging
Batting: LHB Francisco Marino 0-0: Ball
1-0: Called Strike
1-1: Ball
2-1: Ball
3-1: Base on Balls
Noriaki Sangi to second
Batting: RHB Johnny Williams 0-0: Called Strike
0-1: Fielders Choice at 2nd, 4-6 (Groundball, 4)
Bottom of the 8th over - 0 run(s), 1 hit(s), 0 error(s), 1 left on base; Austin 3 - Vista 8
TOP OF THE 9TH
Austin River Sharks batting - Pitching for Vista Panthers : LHP Sloan Sanders
Pitching: LHP Andrew Caine
Now at 2B: Francisco Medina
Pinch Hitting: RHB Dan Wyatt 0-0: Ball
1-0: Ball
2-0: Foul Ball, location: 2F
2-1: Foul Ball, location: 2F
2-2: Foul Ball, location: 2F
2-2: Foul Ball, location: 2F
2-2: Ball
3-2: Strikes out swinging
Pinch Hitting: RHB Tom Rowe 0-0: Fly out, F9 (Flyball, 9LMF)
Batting: RHB Clark Hodge 0-0: Ball
1-0: Called Strike
1-1: Ball
2-1: Foul Ball, location: 2F
2-2: DOUBLE (Line Drive, 7LS)
Pinch Hitting: SHB Juan Acevado 0-0: Foul Ball, location: 2F
0-1: Ball
1-1: Called Strike
1-2: Foul Ball, location: 2F
1-2: Ball
2-2: Strikes out swinging
Top of the 9th over - 0 run(s), 1 hit(s), 0 error(s), 1 left on base; Austin 3 - Vista 8
Tuesday, August 8th, 2017 - OOTP Baseball 17.12 Build 75